AoeStats
← kimbo

Arabia

509399895Analyzed
2v2 RM · 7d ago on Sep 26, 2026· 39m 56s· 4 players
Game mode
Random Map
Map size
Medium (4 player)
Population
200
Speed
Normal
Resources
Standard
Victory
Conquest
Starting age
Dark Age
Ending age
Imperial Age
RankedLock teamsTeams togetherTeam positionsShared explorationLock speedFull tech treeHidden civsTurbo modeCheats
Victory
Defeat
🇦🇷 Maya · Argentina
1357
+16
🇫🇷 Berbers · France
1290
+18
🇦🇷 Maya · Argentina
1356
-17
🇦🇷 Persians · Argentina
1341
-17
AWAKALTA
0:27 Loom
8:50 Feudal Age
16:02 Fletching
17:53 Town Watch
17:57 Double-Bit Axe
18:08 Horse Collar
19:21 Padded Archer Armor
21:51 Wheelbarrow
25:08 Castle Age
25:12 Crossbowman
25:53 Bodkin Arrow
26:19 Gold Mining
28:00 Ballistics
29:48 Leather Archer Armor
31:34 Thumb Ring
34:55 Hand Cart
39:48 Imperial Age
39:50 Arbalester
40:32 Bracer
Léon
7:21 Loom
10:20 Feudal Age
16:36 Scale Barding Armor
19:29 Forging
23:54 Castle Age
22:35 Bloodlines
22:23 Double-Bit Axe
24:33 Wheelbarrow
24:16 Horse Collar
25:10 Chain Barding Armor
24:55 Husbandry
25:58 Gold Mining
30:35 Iron Casting
38:02 Hand Cart
Pingocho
8:32 Feudal Age
8:42 Loom
9:37 Double-Bit Axe
14:25 Scale Barding Armor
20:22 Castle Age
20:50 Bloodlines
20:51 Forging
21:10 Chain Barding Armor
21:38 Gold Mining
21:29 Horse Collar
23:42 Husbandry
25:14 Forging
26:04 Wheelbarrow
25:40 Bow Saw
27:45 Iron Casting
29:59 Gold Shaft Mining
37:27 Town Watch
40:21 Imperial Age
kimbo
0:25 Loom
9:15 Feudal Age
13:23 Double-Bit Axe
16:22 Fletching
24:33 Castle Age
23:16 Padded Archer Armor
23:13 Gold Mining
23:35 Horse Collar
24:40 Crossbowman
25:20 Bodkin Arrow
25:55 Bow Saw
26:56 Leather Archer Armor
27:43 Ballistics
32:17 Thumb Ring
33:40 Wheelbarrow
Connection lost

Rejoining the realm…

Still unreachable

The connection could not be restored.

Session expired

The server has moved on; the page needs a fresh start.